 Dungeon Crawl Stone Soup version 0.30-a0-358-g0d69a1922f (webtiles) character file.

Game seed: 15725929097294865444

11169 koil the Jinx (level 11, 0/68 (84) HPs)
             Began as a Vampire Enchanter on Nov 9, 2022.
             Was a Believer of Makhleb.
             Slain by a soul eater (18 damage)
             ... on level 10 of the Dungeon on Nov 10, 2022.
             The game lasted 01:11:24 (11125 turns).

koil the Jinx (Vampire Enchanter)                  Turns: 11125, Time: 01:11:25

HP:   0/68 (84)     AC: 10    Str: 11    XL:     11   Next: 45%
MP:   22/22         EV: 16    Int: 21    God:    Makhleb [**....]
Gold: 93            SH:  5    Dex: 16    Spells: 15/24 levels left

rFire   + + .      SeeInvis +    i - +3 rapier of Courage {spect, Str+4}
rCold   x . .      Faith    .    (no shield)
rNeg    . . .      Spirit   .    S - +0 steam dragon scales
rPois   .          Reflect  +    O - +0 helmet
rElec   .          Harm     .    G - +0 cloak {Will+}
rCorr   .          Rampage  .    f - +1 pair of gloves
Will    ++...                    J - +0 pair of boots
Stlth   ++++......               d - amulet of reflection
HPRegen 0.51/turn                p - ring of protection from fire
MPRegen 0.18/turn                m - ring of fire

@: healing quickly, heavily drained
A: alive, fangs 3, see invisible, vampiric 2
a: Exsanguinate, Renounce Religion, Minor Destruction


You were on level 10 of the Dungeon.
You worshipped Makhleb.
Makhleb was pleased with you.
You visited 2 branches of the dungeon, and saw 12 of its levels.
You also visited: Sewer and Ossuary.

You collected 522 gold pieces.
You spent 429 gold pieces at shops.

Inventory:

Hand Weapons
 a - a +2 dagger
 i - the +3 rapier of Courage (weapon) {spect, Str+4}
   (You found it on level 2 of the Dungeon)

   When its wielder attacks, the weapon's spirit leaps out and strikes again.
   The spirit shares a part of any damage it takes with its wielder.
   Str:       It affects your strength (+4).
 D - a +1 dagger of venom
Missiles
 h - 3 throwing nets {!f}
 l - 29 poisoned darts (quivered)
 u - 5 atropa-tipped darts
 N - 2 curare-tipped darts {!f}
Armour
 f - a +1 pair of gloves (worn)
 A - +0 acid dragon scales
 G - a +0 cloak of willpower (worn)
 H - a +0 leather armour of cold resistance
 J - a +0 pair of boots (worn)
 O - a +0 helmet (worn)
 S - +0 steam dragon scales (worn)
Jewellery
 b - a +6 ring of strength
 d - an amulet of reflection (around neck)
 m - a ring of fire (right hand)
 o - a ring of poison resistance
 p - a ring of protection from fire (left hand)
 R - a ring of flight
Wands
 e - a wand of roots (15)
 y - a wand of mindburst (11)
 P - a wand of light (8)
Scrolls
 k - a scroll of identify
 q - 6 scrolls of teleportation
 r - 2 scrolls of vulnerability
 s - a scroll of silence
 t - a scroll of blinking
 V - a scroll of fog
 W - a scroll of magic mapping
Potions
 c - 4 potions of might
 g - a potion of berserk rage
 j - 3 potions of resistance
 x - 3 potions of haste
 B - 2 potions of cancellation
 C - 4 potions of curing
 E - a potion of flight
 I - a potion of invisibility
 K - 2 potions of brilliance
 X - a potion of ambrosia


   Skills:
 + Level 7.1 Fighting
 + Level 8.4 Short Blades
 - Level 2.0 Armour
 + Level 8.5 Dodging
 - Level 8.0 Stealth
 + Level 7.4 Spellcasting
 + Level 2.8 Conjurations
 - Level 10.1 Hexes
 + Level 3.9 Ice Magic


You had 15 spell levels left.
You knew the following spells:

 Your Spells              Type           Power      Damage    Failure   Level
a - Ensorcelled Hibernat  Hex/Ice        74%        N/A       1%          2
b - Confusing Touch       Hex            50%        N/A       1%          3
c - Anguish               Hex/Necr       14%        N/A       11%         4

Your spell library contained the following spells:

 Spells                   Type           Power      Damage    Failure   Level
 Dazzling Flash           Conj/Hex       70%        N/A       1%          3
 Tukima's Dance           Hex            50%        N/A       1%          3
 Foxfire                  Conj/Fire      80%        2x1d8     4%          1
 Hailstorm                Conj/Ice       22%        3d7       6%          3
 Sublimation of Blood     Necr           7%         N/A       13%         2
 Wereblood                Tmut           7%         N/A       13%         2
 Silence                  Hex/Air        14%        N/A       28%         5
 Ice Form                 Ice/Tmut       16%        N/A       36%         4
 Iskenderun's Mystic Bla  Conj/Tloc      13%        2d5       43%         4
 Freezing Cloud           Conj/Ice/Air   8%         6-21      67%         5
 Enfeeble                 Hex            25%        N/A       73%         7
 Fireball                 Conj/Fire      10%        3d6       78%         5
 Agony                    Necr           7%         N/A       93%         5
 Simulacrum               Ice/Necr       8%         N/A       99%         6
 Conjure Ball Lightning   Conj/Air       6%         3x3d6     100%        6
 Starburst                Conj/Fire      10%        6d5       100%        6
 Summon Hydra             Summ           3%         N/A       100%        7
 Discord                  Hex            25%        N/A       100%        8
 Disjunction              Tloc           3%         N/A       100%        8
 Polar Vortex             Ice            12%        N/A       100%        9


Dungeon Overview and Level Annotations

Branches:
Dungeon (11/15)            Temple (1/1) D:6            Lair (0/5) D:9
  Sewer (visited)         Ossuary (visited)
    Orc: D:9-12

Altars:
Ashenzari
Cheibriados
Dithmenos
Fedhas
Gozag
Hepliaklqana
Kikubaaqudgha
Makhleb
Nemelex Xobeh
Okawaru
Qazlal
Ru
Sif Muna
Trog
Uskayaw
Vehumet
Wu Jian
Yredelemnul

Shops:
D:2 ?   D:3 !:![[

Portals:
Trove: D:11 (give horn of Geryon)

Annotations:
D:3 exclusion: oklob plant
D:8 3 runed translucent doors, exclusion: ice statue


Innate Abilities, Weirdness & Mutations

Your natural rate of healing is accelerated.
You have razor-sharp teeth.
You have supernaturally acute eyesight. (SInv)
You are afflicted with vampirism and can become a bat while bloodless.


Message History

The soul eater attacks as you move away!
The soul eater hits you but does no damage.
There is a stone staircase leading down here.
The soul eater hits you!
* * * LOW HITPOINT WARNING * * *
You feel drained.
You climb downwards.
Found a portal to a secret trove of treasure.
There is a stone staircase leading up here.
You feel much better. The soul eater hits you. The soul eater misses you.
The soul eater draws from the surrounding life force!
There is a portal to a secret trove of treasure here.
The soul eater completely misses you. The soul eater hits you.
You feel drained.
The soul eater attacks as you move away!
The soul eater hits you but does no damage.
There is a stone staircase leading up here.
Aiming: Fastroot
Press: ? - help, Shift-Dir - straight line The roots erupt in riotous growth!
Roots grab the soul eater.
The grasping roots constrict the soul eater, but do no damage.
The soul eater barely misses you.
The roots release their grip on the soul eater.
The soul eater hits you!
* * * LOW HITPOINT WARNING * * *
You climb upwards.
There is a stone staircase leading down here.
Things that are here:
a +0 giant club; a +0 giant club The soul eater attacks as you move away!
The soul eater hits you but does no damage.
The soul eater draws from the surrounding life force!
* * * LOW HITPOINT WARNING * * *
You feel better.
The soul eater attacks as you move away!
The soul eater misses you.
The soul eater draws from the surrounding life force!
You die...

#....##.# #...#....##.# #.#.#
#...#....##.# #...#
#...#....##.# #...#
#...#....##.#### #...#
#...#../.##....# #...#
#...#..........# #...#
#.#...#........#.# #.#.#
#.#.#...#.)...3.@..########.§.#
#.#.#....>.####.......(.......#
#.#.'......# #.#...##...#..#.#
....P......# #..........3....#
.~~≈~.'#####.####....#'#<.....#
~~~~≈......... #....#.#.#..#.#
P.~~~......... #....#.#.#....#
P~~~.♣######## #....#.#......#
♣............# ..#####.####...#


You could see a soul eater.

Vanquished Creatures
  4 two-headed ogres
  A boulder beetle (D:9)
  A sun demon (D:10)
  Pikel (D:4)
  A rust devil (D:10)
  Maggie (D:7)
  An unseen horror (D:7)
  Grinder (D:3)
  A hornet (D:10)
  2 shadows (D:9)
  5 yaks
  A neqoxec (D:10)
  A steam dragon (D:8)
  3 wargs (D:9)
  A water moccasin (D:6)
  2 ice beasts
  5 orc warriors
  2 sky beasts (D:6)
  An ogre (D:6)
  3 centaurs
  A phantom (D:4)
  4 kobold brigands
  5 bullfrogs
  2 scorpions
  A water moccasin zombie (D:4)
  10 wights
  3 killer bees
  2 howler monkeys
  A human zombie (D:4)
  A quasit (D:10)
  3 centaur zombies (Ossuary)
  3 jellies
  Crazy Yiuf (D:7)
  4 orc priests
  3 hounds
  6 iguanas
  2 scorpion zombies (D:4)
  10 orc wizards
  A hound zombie (D:4)
  8 mummies
  10 gnolls
  A river rat (Sewer)
  19 adders
  2 shadow imps
  3 white imps
  5 ufetubi
  2 adder zombies (D:4)
  3 worms
  3 dart slugs
  27 orcs
  13 endoplasms
  7 giant cockroaches
  5 goblins
  7 hobgoblins
  7 jackals
  17 kobolds
  3 quokkas
  22 ball pythons
  7 bats
  8 frilled lizards
  2 hobgoblin zombies (Ossuary)
  6 rats
  2 demonic plants (D:10)
  A fungus (D:7)
  2 plants
293 creatures vanquished.

Notes
Turn   | Place    | Note
-------+----------+-------------------------------------------
     0 | D:1      | koil the Vampire Enchanter began the quest for the Orb.
     0 | D:1      | Reached XP level 1. HP: 13/13 MP: 3/3
   207 | D:1      | Found a faded altar of an unknown god.
   311 | D:1      | Reached XP level 2. HP: 20/20 MP: 5/5
   314 | D:1      | Learned a level 2 spell: Ensorcelled Hibernation
   649 | D:1      | Gained mutation: You are afflicted with vampirism and can
                  | become a bat while bloodless. [Vampire growth]
   649 | D:1      | Reached XP level 3. HP: 23/25 MP: 6/6
   703 | D:1      | Reached skill level 5 in Stealth
   953 | D:2      | HP: 5/25 [jackal (2)]
   981 | D:2      | Identified the +3 rapier of Courage {spect, Str+4}
  1046 | D:2      | Reached skill level 1 in Fighting
  1059 | D:2      | Reached XP level 4. HP: 23/32 MP: 7/7
  1147 | D:2      | Found Emacw's Magic Scroll Boutique.
  1208 | D:2      | Reached skill level 5 in Hexes
  1234 | D:2      | Learned a level 3 spell: Confusing Touch
  1285 | D:2      | Reached skill level 1 in Armour
  1436 | D:3      | Noticed Grinder
  1531 | D:3      | Killed Grinder
  1532 | D:3      | Reached XP level 5. HP: 35/38 MP: 4/9
  1532 | D:3      | Reached XP level 6. HP: 41/44 MP: 4/10
  1550 | D:3      | Found Udoumub's Distillery.
  1669 | D:3      | HP: 7/44 [orc/+0 hand axe (4)]
  1798 | D:3      | Found Lobemat's Book Shop.
  1847 | D:3      | Found Ezesenir's Armour Shop.
  1856 | D:3      | HP: 8/44 [orc priest/divine providence (15)]
  1863 | D:3      | HP: 7/44 [orc/boomerang (3)]
  1916 | D:3      | Found Yklew's Distillery.
  1927 | D:3      | HP: 8/44 [orc/+0 mace (5)]
  2160 | D:3      | Found a sacrificial altar of Ru.
  2227 | D:3      | Found Roxuogg's Armour Emporium.
  2267 | D:3      | Found a blossoming altar of Fedhas.
  2282 | D:3      | Noticed an oklob plant
  2411 | D:4      | Reached skill level 6 in Hexes
  2411 | D:4      | Reached XP level 7. HP: 48/50 MP: 11/11
  2578 | D:4      | Found a sand-covered staircase.
  2588 | Ossuary  | Entered an ossuary
  2924 | D:4      | Found an ancient bone altar of Kikubaaqudgha.
  3024 | D:4      | Reached XP level 8. HP: 58/58 MP: 13/13
  3520 | D:4      | Reached skill level 7 in Hexes
  3523 | D:4      | Found a shimmering blue altar of Sif Muna.
  3785 | D:4      | Noticed Pikel
  3797 | D:4      | Killed Pikel
  3798 | D:4      | Reached skill level 5 in Dodging
  4233 | D:3      | Bought a +0 leather armour of cold resistance for 117 gold
                  | pieces
  4330 | D:5      | Entered Level 5 of the Dungeon
  4366 | D:5      | Found a hazy altar of Hepliaklqana.
  4411 | D:5      | Reached skill level 5 in Short Blades
  4774 | D:5      | Found a glowing drain.
  4792 | Sewer    | Entered a sewer
  5034 | Sewer    | Reached XP level 9. HP: 65/65 MP: 16/16
  5204 | Sewer    | Reached skill level 8 in Hexes
  5474 | D:5      | Found an ornate altar of the Wu Jian Council.
  5935 | D:6      | Found a staircase to the Ecumenical Temple.
  5973 | Temple   | Entered the Ecumenical Temple
  6022 | Temple   | Became a worshipper of Makhleb the Destroyer
  6075 | D:6      | Reached skill level 5 in Spellcasting
  6563 | D:6      | Reached * piety under Makhleb
  6564 | D:6      | Reached skill level 5 in Fighting
  6564 | D:6      | Reached skill level 9 in Hexes
  6966 | D:7      | Noticed an unseen horror
  6975 | D:7      | Killed an unseen horror
  7045 | D:7      | Noticed Maggie
  7057 | D:7      | Killed Maggie
  7363 | D:7      | Reached XP level 10. HP: 73/74 MP: 18/18
  7698 | D:7      | Found a runed translucent door.
  7699 | D:7      | Noticed Crazy Yiuf
  7714 | D:7      | Killed Crazy Yiuf
  8053 | D:8      | Noticed a two-headed ogre
  8077 | D:8      | Killed a two-headed ogre
  8078 | D:8      | Reached skill level 10 in Hexes
  8517 | D:8      | Noticed an ice statue
  8746 | D:8      | Found a sparkling altar of Nemelex Xobeh.
  8768 | D:8      | Reached skill level 1 in Ice Magic
  8869 | D:8      | Found a runed translucent gate.
  8869 | D:8      | Found a runed translucent gate.
  8869 | D:8      | Found a runed translucent gate.
  8869 | D:8      | Noticed a green ugly thing
  8870 | D:8      | Noticed a glowing orange brain
  8870 | D:8      | Noticed a cyan ugly thing
  8871 | D:8      | Noticed a green ugly thing
  8873 | D:8      | Noticed a red ugly thing
  9085 | D:3      | Bought a book of Maledictions for 312 gold pieces
  9090 | D:3      | Learned a level 4 spell: Anguish
  9284 | D:9      | Noticed a two-headed ogre
  9289 | D:9      | HP: 7/76 [two-headed ogre/+0 giant club (24)]
  9289 | D:9      | HP: 1/76 [two-headed ogre/+0 giant club (6)]
  9477 | D:8      | Reached ** piety under Makhleb
  9478 | D:8      | Reached skill level 1 in Conjurations
  9641 | D:9      | Killed a two-headed ogre
  9657 | D:9      | Noticed a two-headed ogre
  9859 | D:9      | Found a staircase to the Lair.
 10028 | D:9      | Killed a two-headed ogre
 10029 | D:9      | Reached XP level 11. HP: 54/83 MP: 19/21
 10059 | D:9      | Identified the +4 spear "Jifytur" {vorpal, rPois rC+ Will+
                  | Dex+6}
 10467 | D:9      | Noticed a boulder beetle
 10474 | D:9      | Killed a boulder beetle
 10752 | D:10     | Entered Level 10 of the Dungeon
 10794 | D:10     | Noticed a soul eater
 10801 | D:10     | Noticed a sun demon
 10805 | D:10     | Noticed a two-headed ogre
 10813 | D:10     | Killed a two-headed ogre
 10867 | D:10     | Killed a sun demon
 10929 | D:10     | HP: 15/77 [soul eater (3)]
 11100 | D:10     | HP: 14/71 [soul eater (14)]
 11104 | D:10     | HP: 5/71 [soul eater (10)]
 11105 | D:11     | Found a portal to a secret trove of treasure.
 11116 | D:11     | HP: 12/68 [soul eater (11)]
 11125 | D:10     | Slain by a soul eater

Illustrated notes

Levels and vault maps discovered:
D:1:      wander_arrival_desolate, layout_loops_corners,
          hellmonk_ecumenical_altar_heavens_door, minmay_cut_off
D:2:      layout_rooms, serial_shops, nicolae_shop_behind_doors,
          chequers_serial_rivers_large_a, minmay_vboxes
D:3:      layout_rooms, hangedman_ru_absence, tgw_fedhas, serial_shops, shop,
          nicolae_shop_crystal, nicolae_shop_crystal, shop, nicolae_square_shop,
          uniq_grinder
D:4:      layout_layer_cave, nicolae_sif_muna_condensation,
          lemuel_mausoleum_altar_kikubaaqudgha, nicolae_ossuary_entry_ruins,
          minmay_snake_closets, uniq_pikel
D:5:      layout_loops_ring, nicolae_wu_jian_immortal_techniques,
          nicolae_overflow_squiral, cheibrodos_sewer_entry_drain
D:6:      layout_basic, minmay_temple_entry_trees
D:7:      layout_loops_ring, mainiacjoe_overflow_concentric_impassable,
          due_unseen_surprise, uniq_maggie, uniq_crazy_yiuf_cottage
D:8:      lemuel_ice_statue, layout_basic, nemelex_xobeh_ov_fountains_minmay,
          ploomutoo_gammafunk_ghost_potion_laboratory
D:9:      layout_rooms, erik_lair_orcish_takeover
D:10:     layout_stronghold, led_xom_imps, serial_shops, shop, serial_demonic,
          serial_demonic_c, serial_demonic_g, serial_demonic_f, serial_demonic_f
D:11:     layout_irregular_city, orc_0_dummy, enter_trove_0, serial_shops,
          kennysheep_little_box
Temple:   minmay_temple_bridge_abc

Skill      XL: |  1  2  3  4  5  6  7  8  9 10 11 |
---------------+----------------------------------+-----
Stealth        | 5 6 7 8 |  8.0
Fighting       | 1 2 3 4 5 6 7 |  7.1
Short Blades   | 2 3 4 5 6 7 8 |  8.4
Hexes          | 5 6 7 9 10 | 10.1
Armour         | 1 2 |  2.0
Dodging        | 3 4 5 6 8 |  8.5
Spellcasting   | 3 4 5 6 7 |  7.4
Ice Magic      | 2 3 |  3.9
Conjurations   | 2 |  2.8

Action                   |  1- 3 |  4- 6 |  7- 9 | 10-12 || total
-------------------------+-------+-------+-------+-------++-------
Melee: Dagger            |    89 |       |       |       ||    89
       Bite              |    10 |     9 |    27 |    49 ||    95
       Punch             |     1 |       |     3 |     9 ||    13
       Rapier            |    27 |    98 |   299 |   288 ||   712
Throw: Dart              |       |       |       |     1 ||     1
 Cast: Ensorcelled Hiber |     2 |     7 |    18 |     4 ||    31
       Confusing Touch   |       |     1 |     8 |    20 ||    29
       Anguish           |       |       |       |     2 ||     2
Invok: Minor Destruction |       |       |       |     1 ||     1
Evoke: Wand              |       |       |       |     5 ||     5
  Use: Potion            |     1 |       |     3 |     3 ||     7
       Scroll            |       |       |    18 |     6 ||    24
 Stab: Sleeping          |    11 |     7 |    37 |     4 ||    59
       Distracted        |     1 |       |     2 |     2 ||     5
       Confused          |       |       |     2 |    12 ||    14
Armor: Robe              |    39 |    15 |     3 |       ||    57
       Leather armour    |       |       |    42 |    36 ||    78
       Steam dragon scal |       |       |       |     7 ||     7
Dodge: Dodged            |    99 |    70 |   142 |   156 ||   467
Block: Other             |    32 |    27 |    53 |    48 ||   160
       Reflection        |       |     2 |     1 |       ||     3

Table legend: (Time is in decaauts)
 A = Elapsed time spent in this place.
 B = Non-inter-level travel time spent in this place.
 C = Inter-level travel time spent in this place.
 D = Time resting spent in this place.
 E = Time spent auto-exploring this place.
 F = Levels seen in this place.
 G = Mean time per level.
                   A        B        C        D        E       F      G
               +--------+--------+--------+--------+--------+-----+--------+
         Total |  11239 |  10318 |    921 |    713 |   6458 |  14 |  802.8 |
       Dungeon |  10040 |   9123 |    917 |    659 |   5878 |  11 |  912.7 |
        Temple |    183 |    180 |      3 |      0 |     10 |   1 |  183.0 |
         Sewer |    803 |    803 |      0 |      0 |    569 |   1 |  803.0 |
       Ossuary |    213 |    213 |      0 |     54 |      0 |   1 |  213.0 |
               +--------+--------+--------+--------+--------+-----+--------+

Top non-repeatable levels by time:
     D:8: 1896 daAuts
     D:4: 1672 daAuts
     D:3: 994 daAuts
     D:7: 967 daAuts
     D:6: 952 daAuts
     D:1: 930 daAuts
     D:5: 917 daAuts
     D:9: 805 daAuts
   Sewer: 803 daAuts
     D:2: 645 daAuts
    D:10: 246 daAuts
 Ossuary: 213 daAuts
  Temple: 183 daAuts
    D:11: 11 daAuts
